 Dungeon Crawl Stone Soup version 0.18.1-48-g4cf74bf (webtiles) character file.

53 Krapule the Shield-Bearer (level 3, -1/24 HPs)
             Began as a Gargoyle Fighter on Aug 12, 2016.
             Was an Initiate of the Shining One.
             Slain by a gnoll
             ... wielding a +0 flail
              (2 damage)
             ... on level 2 of the Dungeon.
             The game lasted 00:02:29 (1162 turns).

Krapule the Shield-Bearer (Gargoyle Fighter)        Turns: 1162, Time: 00:02:30

Health: -1/24      AC: 10    Str: 20    XL:     3   Next: 87%
Magic:  3/3        EV:  7    Int:  8    God:    the Shining One [......]
Gold:   139        SH:  9    Dex:  9    Spells: 0 memorised, 2 levels left

rFire  . . .     SeeInvis .     a - +0 flail
rCold  . . .     Gourm    .     b - +0 scale mail
rNeg   + . .     Faith    .     c - +0 shield
rPois  ∞         Spirit   .     (no helmet)
rElec  +         Dismiss  .     (no cloak)
rCorr  .         Reflect  .     (no gloves)
SustAt .         Harm     .     (no boots)
MR     .....                    (no amulet)
Stlth  ..........               (no ring)
                                (no ring)

@: glowing, not resistant to hostile enchantments, extremely unstealthy
A: negative energy resistance 1, electricity resistance, unbreathing,
petrification resistance, rot immunity, AC +3
a: Renounce Religion


You were on level 2 of the Dungeon.
You worshipped the Shining One.
The Shining One was noncommittal.
You were not hungry.

You visited 1 branch of the dungeon, and saw 2 of its levels.

You collected 139 gold pieces.

Inventory:

Hand Weapons
 a - a +0 flail (weapon)
Armour
 b - a +0 scale mail (worn)
 c - a +0 shield (worn)
Jewellery
 m - an uncursed ring of poison resistance {unknown}
Scrolls
 g - a scroll of fog {unknown}
 h - a scroll of identify {unknown}
 i - a scroll of recharging {unknown}
 j - a scroll of amnesia {unknown}
 l - a scroll of noise {unknown}
 n - 2 scrolls of blinking {unknown}
 p - a scroll of remove curse {unknown}
Potions
 d - 4 potions of might
 e - a potion of mutation {unknown}
 k - a potion of heal wounds {unknown}
 o - a potion of curing {unknown}
Comestibles
 f - 2 bread rations
 q - a beef jerky
 r - a meat ration


   Skills:
 + Level 3.7 Fighting
 + Level 2.3 Maces & Flails
 + Level 3.5 Armour
 + Level 1.7 Stealth
 + Level 3.8 Shields
 + Level 0.4 Invocations


You had 2 spell levels left.
You didn't know any spells.

Dungeon Overview and Level Annotations

Branches:
Dungeon (2/15)

Altars:
The Shining One


Innate Abilities, Weirdness & Mutations

You are resistant to torment.
Your stone body is resilient (AC +3).
You are immune to poison.
You resist negative energy.
You are resistant to electric shocks.
You can survive without breathing.
You are immune to petrification.
You are immune to rotting.


Message History

The worm barely misses you.
You hit the worm.
The worm is moderately wounded.
The worm completely misses you.
You hit the worm.
The worm is heavily wounded.
You hit the worm.
The worm is heavily wounded.
The worm bites you.
You sock the worm!
You kill the worm!
You barely miss the gnoll. The gnoll hits you with a flail.
You closely miss the gnoll. The gnoll closely misses you. x2
You barely miss the gnoll. You block the gnoll's attack.
You barely miss the gnoll. The gnoll hits you with a flail.
You barely miss the gnoll. You block the gnoll's attack.
You hit the gnoll but do no damage. The gnoll hits you with a flail!
* * * LOW HITPOINT WARNING * * *
You completely miss the gnoll. The gnoll hits you with a flail.
You die...

##......#.##.# #.##.##.#
#.#......)..# #.#...#.#
#.#.#.##.#..# #.......# ...#.#
##.#.#.##.#..#
###†.†####...#.##
.............#
##.#.#...........
####..##..#(##
#..........!.....
.........#.####g.#.#.........
####..#.......##g#)..####...#
#......###.##@##†#####...#
##.....<# #...............#
#..#....###.##................
#.###.......##################
#..#..####### #....## #.##.#
#.##†# #.##.#


You could see 2 gnolls.

Vanquished Creatures
  A gnoll (D:2)
  2 worms (D:2)
  A dart slug (D:1)
  3 giant geckos
  2 ball pythons (D:2)
  6 bats
  5 goblins
  2 hobgoblins
  3 giant newts
  2 kobolds (D:1)
  6 rats
33 creatures vanquished.

Notes
Turn   | Place    | Note
--------------------------------------------------------------
     0 | D:1      | Krapule the Gargoyle Fighter began the quest for the Orb.
     0 | D:1      | Reached XP level 1. HP: 14/14 MP: 1/1
   109 | D:1      | Found a glowing golden altar of the Shining One.
   140 | D:1      | Became a worshipper of the Shining One
   332 | D:1      | Reached XP level 2. HP: 19/19 MP: 2/2
   552 | D:1      | Reached skill level 1 in Stealth
  1025 | D:2      | Reached XP level 3. HP: 23/23 MP: 3/3
  1161 | D:2      | HP: 1/24 [gnoll/flail (8)]
  1162 | D:2      | Slain by a gnoll

Skill      XL: |  1  2 |
---------------+-------+-----
Stealth        | 1 |  1.7
Fighting       | |  3.7
Maces & Flails | |  2.3
Armour         | |  3.5
Shields        | |  3.8
Invocations    | |  0.4

Action                   || total
-------------------------++-------
Melee: Flail             ||   129
  Eat: Chunk             ||     1
Armor: Scale mail        ||    58
Dodge: Dodged            ||    37
Block: Shield            ||    63
